PL
ATLANTA SMOKE @ LAS VEGAS FLAMINGOS
07/19/2033
 
TOP OF THE 1ST
Atlanta Smoke batting - Pitching for Las Vegas Flamingos : LHP Allen Blair
Pitching: LHP Allen Blair
Batting: RHB Silvio Bonauiti 0-0: Called Strike
0-1: Foul Ball, location: 2F
0-2: Strikes out swinging
Batting: RHB Pau Arria 0-0: Called Strike
0-1: Ball
1-1: Ball
2-1: Fly out, F8 (Line Drive, 8LD)
Batting: LHB Albert Morán 0-0: Called Strike
0-1: Called Strike
0-2: Strikes out swinging
Top of the 1st over - 0 runs, 0 hits, 0 errors, 0 left on base; Atlanta 0 - Las Vegas 0
BOTTOM OF THE 1ST
Las Vegas Flamingos batting - Pitching for Atlanta Smoke : RHP Ryan Peterson
Pitching: RHP Ryan Peterson
Batting: RHB Shihei Kichikawa 0-0: Ground out 6-3 (Groundball, 6)
Batting: LHB Ruud van Ineveld 0-0: Ball
1-0: SINGLE (Line Drive, 4M)
Batting: RHB Ellis Greenham 0-0: Called Strike
0-1: DOUBLE (Line Drive, 8LD)
Ruud van Ineveld to third
Batting: RHB Baldomero Avino 0-0: Ball
1-0: Ball
2-0: Ball
3-0: Called Strike
3-1: Fly out, F8 (Flyball, 8LXD)
Runner from 3rd tags up, SCORES, no throw
Batting: LHB Victor Adams 0-0: Fly out, F8 (Flyball, 8LS)
Bottom of the 1st over - 1 run, 2 hits, 0 errors, 1 left on base; Atlanta 0 - Las Vegas 1
TOP OF THE 2ND
Atlanta Smoke batting - Pitching for Las Vegas Flamingos : LHP Allen Blair
Batting: SHB Valentín Guzmán 0-0: Ball
1-0: Ground out 1-3 (Groundball, 15S)
Batting: LHB Adrian McCoy 0-0: Called Strike
0-1: Ball
1-1: Swinging Strike
1-2: Foul Ball, location: 2F
1-2: Foul Ball, location: 2F
1-2: SINGLE (Line Drive, 9LS)
Batting: RHB Cristo González 0-0: Called Strike
0-1: Grounds into double play, 5-4-3 (Groundball, 56)
Top of the 2nd over - 0 runs, 1 hit, 0 errors, 0 left on base; Atlanta 0 - Las Vegas 1
BOTTOM OF THE 2ND
Las Vegas Flamingos batting - Pitching for Atlanta Smoke : RHP Ryan Peterson
Batting: SHB Glyn Bolasky 0-0: Ball
1-0: Ball
2-0: Called Strike
2-1: Ball
3-1: Called Strike
3-2: Ground out 4-3 (Groundball, 4M)
Batting: RHB Frank Grimes 0-0: Called Strike
0-1: Ball
1-1: Ball
2-1: Ground out 4-3 (Groundball, 4)
Batting: RHB Christian Turner 0-0: Ball
1-0: Called Strike
1-1: Foul Ball, location: 2F
1-2: Ball
2-2: Ground out 3-1 (Groundball, 34)
Bottom of the 2nd over - 0 runs, 0 hits, 0 errors, 0 left on base; Atlanta 0 - Las Vegas 1
TOP OF THE 3RD
Atlanta Smoke batting - Pitching for Las Vegas Flamingos : LHP Allen Blair
Batting: RHB Syed Sarkar 0-0: Ground out 5-3 (Groundball, 5L)
Batting: LHB Kade Eagleton 0-0: Called Strike
0-1: Fly out, F8 (Flyball, 8RXD)
Batting: RHB Bruce Ingilby 0-0: Called Strike
0-1: SINGLE (Groundball, 6MD)
Batting: RHB Silvio Bonauiti 0-0: Called Strike
0-1: Foul Ball, location: 2F
0-2: Ball
1-2: Fielders Choice at 2nd, U4 (Groundball, 4M)
Top of the 3rd over - 0 runs, 1 hit, 0 errors, 1 left on base; Atlanta 0 - Las Vegas 1
BOTTOM OF THE 3RD
Las Vegas Flamingos batting - Pitching for Atlanta Smoke : RHP Ryan Peterson
Batting: RHB Jeff Young 0-0: Called Strike
0-1: Foul Ball, location: 2F
0-2: Ball
1-2: SINGLE (Groundball, 56D)
Batting: RHB Shihei Kichikawa 0-0: Called Strike
0-1: Grounds into double play, 3-6-3 (Groundball, 34)
Batting: LHB Ruud van Ineveld 0-0: Ball
1-0: SOLO HOME RUN (Flyball, 9D), Distance : 403 ft
Batting: RHB Ellis Greenham 0-0: Ball
1-0: Swinging Strike
1-1: Foul Ball, location: 2F
1-2: Foul Ball, location: 2F
1-2: Fly out, F8 (Flyball, 8RM)
Bottom of the 3rd over - 1 run, 2 hits, 0 errors, 0 left on base; Atlanta 0 - Las Vegas 2
TOP OF THE 4TH
Atlanta Smoke batting - Pitching for Las Vegas Flamingos : LHP Allen Blair
Batting: RHB Pau Arria 0-0: Ground out 6-3 (Groundball, 6MS)
Batting: LHB Albert Morán 0-0: Fly out, F8 (Line Drive, 8RD)
Batting: SHB Valentín Guzmán 0-0: SINGLE (Flyball, 8RS)
Batting: LHB Adrian McCoy 0-0: Ball
1-0: Called Strike
1-1: SINGLE (Line Drive, 4D)
Valentín Guzmán to second
Runner from 2nd tries for 3rd, SAFE, no throw
Batting: RHB Cristo González 0-0: Fly out, F6 (Line Drive, 56)
Top of the 4th over - 0 runs, 2 hits, 0 errors, 2 left on base; Atlanta 0 - Las Vegas 2
BOTTOM OF THE 4TH
Las Vegas Flamingos batting - Pitching for Atlanta Smoke : RHP Ryan Peterson
Batting: RHB Baldomero Avino 0-0: Ball
1-0: Ball
2-0: Ball
3-0: Called Strike
3-1: Base on Balls
Batting: LHB Victor Adams 0-0: Called Strike
0-1: Ball
1-1: Ball
2-1: Ball
3-1: Foul Ball, location: 2F
3-2: Foul Ball, location: 2F
3-2: Ground out 3-1 (Groundball, 34)
Baldomero Avino to second
Batting: SHB Glyn Bolasky 0-0: Ball
1-0: Ball
2-0: Ball
3-0: Base on Balls
Batting: RHB Frank Grimes 0-0: Fly out, F9 (Flyball, 9S)
Batting: RHB Christian Turner 0-0: Called Strike
0-1: Ball
1-1: Ball
2-1: Foul Ball, location: 2F
2-2: SINGLE (Flyball, 89S)
Baldomero Avino to third
Glyn Bolasky to second
Runner from 3rd tries for Home, SAFE, no throw
Batting: RHB Jeff Young 0-0: Called Strike
0-1: Ground out 4-3 (Groundball, 4)
Bottom of the 4th over - 1 run, 1 hit, 0 errors, 2 left on base; Atlanta 0 - Las Vegas 3
TOP OF THE 5TH
Atlanta Smoke batting - Pitching for Las Vegas Flamingos : LHP Allen Blair
Batting: RHB Syed Sarkar 0-0: Foul Ball, location: 2F
0-1: Ball
1-1: Ball
2-1: Fly out, F9 (Flyball, 9S)
Batting: LHB Kade Eagleton 0-0: Called Strike
0-1: Ball
1-1: Ground out 4-3 (Groundball, 34)
Batting: RHB Bruce Ingilby 0-0: Fly out, F5 (Line Drive, 5)
Top of the 5th over - 0 runs, 0 hits, 0 errors, 0 left on base; Atlanta 0 - Las Vegas 3
BOTTOM OF THE 5TH
Las Vegas Flamingos batting - Pitching for Atlanta Smoke : RHP Ryan Peterson
Batting: RHB Shihei Kichikawa 0-0: Fly out, F8 (Flyball, 8RS)
Batting: LHB Ruud van Ineveld 0-0: Called Strike
0-1: Called Strike
0-2: Foul Ball, location: 2F
0-2: Ball
1-2: SOLO HOME RUN (Flyball, 9D), Distance : 381 ft
Batting: RHB Ellis Greenham 0-0: Called Strike
0-1: Foul Ball, location: 2F
0-2: Ball
1-2: Ball
2-2: Foul Ball, location: 2F
2-2: Ground out 1-3 (Groundball, 13)
Batting: RHB Baldomero Avino 0-0: Swinging Strike
0-1: Ball
1-1: Ball
2-1: Swinging Strike
2-2: Ball
3-2: Foul Ball, location: 2F
3-2: Ground out 5-3 (Groundball, 5L)
Bottom of the 5th over - 1 run, 1 hit, 0 errors, 0 left on base; Atlanta 0 - Las Vegas 4
TOP OF THE 6TH
Atlanta Smoke batting - Pitching for Las Vegas Flamingos : LHP Allen Blair
Batting: RHB Silvio Bonauiti 0-0: Called Strike
0-1: Ball
1-1: Foul Ball, location: 2F
1-2: Ball
2-2: Ball
3-2: Strikes out swinging
Batting: RHB Pau Arria 0-0: Foul Ball, location: 2F
0-1: Ball
1-1: Ball
2-1: SOLO HOME RUN (Flyball, 7LD), Distance : 368 ft
Batting: LHB Albert Morán 0-0: SINGLE (Groundball, 56D)
Batting: SHB Valentín Guzmán 0-0: Ball
1-0: Ball
2-0: Fly out, F8 (Line Drive, 8LD)
Batting: LHB Adrian McCoy 0-0: Called Strike
0-1: Foul Ball, location: 2F
0-2: Ball
1-2: Ball
2-2: Strikes out swinging
Top of the 6th over - 1 run, 2 hits, 0 errors, 1 left on base; Atlanta 1 - Las Vegas 4
BOTTOM OF THE 6TH
Las Vegas Flamingos batting - Pitching for Atlanta Smoke : RHP Ryan Peterson
Batting: LHB Victor Adams 0-0: Called Strike
0-1: Foul Ball, location: 2F
0-2: Foul Ball, location: 2F
0-2: Ball
1-2: Ball
2-2: Fly out, F9 (Flyball, 89M)
Batting: SHB Glyn Bolasky 0-0: SINGLE (Flyball, 8LS)
Batting: RHB Frank Grimes 0-0: Ground out 5-3 (Groundball, 5S)
Glyn Bolasky to second
Batting: RHB Christian Turner 0-0: Foul Ball, location: 2F
0-1: Ball
1-1: Ground out 4-3 (Groundball, 4)
Bottom of the 6th over - 0 runs, 1 hit, 0 errors, 1 left on base; Atlanta 1 - Las Vegas 4
TOP OF THE 7TH
Atlanta Smoke batting - Pitching for Las Vegas Flamingos : LHP Allen Blair
Batting: RHB Cristo González 0-0: Fly out, F7 (Flyball, 7D)
Batting: RHB Syed Sarkar 0-0: Fly out, F7 (Flyball, 7D)
Batting: LHB Kade Eagleton 0-0: Ball
1-0: Ball
2-0: Foul Ball, location: 2F
2-1: Ball
3-1: Called Strike
3-2: Foul Ball, location: 2F
3-2: Base on Balls
Batting: RHB Bruce Ingilby 0-0: Ball
1-0: Called Strike
1-1: Fly out, F7 (Flyball, 78S)
Top of the 7th over - 0 runs, 0 hits, 0 errors, 1 left on base; Atlanta 1 - Las Vegas 4
BOTTOM OF THE 7TH
Las Vegas Flamingos batting - Pitching for Atlanta Smoke : RHP Ryan Peterson
Batting: RHB Jeff Young 0-0: SINGLE (Flyball, 89S) - OUT at second base trying to stretch hit.
Pitching: RHP Francisco García
Batting: RHB Shihei Kichikawa 0-0: Ground out 5-3 (Groundball, 56S)
Batting: LHB Ruud van Ineveld 0-0: Foul Ball, location: 2F
0-1: Ball
1-1: Ball
2-1: Ball
3-1: Base on Balls
Batting: RHB Ellis Greenham 0-0: Ball
1-0: Called Strike
1-1: Ball
2-1: Foul Ball, location: 2F
2-2: SINGLE (Groundball, 6) (infield hit)
Ruud van Ineveld to second
Batting: RHB Baldomero Avino 0-0: Ball
1-0: Swinging Strike
1-1: Fly out, F8 (Flyball, 8LD)
Bottom of the 7th over - 0 runs, 2 hits, 0 errors, 2 left on base; Atlanta 1 - Las Vegas 4
TOP OF THE 8TH
Atlanta Smoke batting - Pitching for Las Vegas Flamingos : LHP Allen Blair
Batting: RHB Silvio Bonauiti 0-0: Ball
1-0: Foul Ball, location: 2F
1-1: Ball
2-1: SINGLE (Groundball, 25) (infield hit)
Batting: RHB Pau Arria 0-0: Swinging Strike
0-1: Called Strike
0-2: Ball
1-2: SINGLE (Line Drive, 56D)
Silvio Bonauiti to second
Batting: LHB Albert Morán 0-0: Fly out, F9 (Flyball, 89M)
Batting: SHB Valentín Guzmán 0-0: Ball
1-0: SINGLE (Flyball, 89S)
Silvio Bonauiti to third
Pau Arria to second
Runner from 3rd tries for Home, SAFE, no throw
Batting: LHB Adrian McCoy 0-0: Called Strike
0-1: Called Strike
0-2: Ball
1-2: Ball
2-2: Foul Ball, location: 2F
2-2: Ball
3-2: Hit by Pitch
Pau Arria to third
Valentín Guzmán to second
Batting: RHB Cristo González 0-0: Ball
1-0: Called Strike
1-1: Ball
2-1: Called Strike
2-2: Ball
3-2: Foul Ball, location: 2F
3-2: Foul Ball, location: 2F
3-2: Strikes out swinging
Pitching: RHP Seishiro Sai
Batting: RHB Syed Sarkar 0-0: Called Strike
0-1: Called Strike
0-2: Ball
1-2: Fly out, F7 (Flyball, 7S)
Top of the 8th over - 1 run, 3 hits, 0 errors, 3 left on base; Atlanta 2 - Las Vegas 4
BOTTOM OF THE 8TH
Las Vegas Flamingos batting - Pitching for Atlanta Smoke : RHP Francisco García
Batting: LHB Victor Adams 0-0: Ball
1-0: Ball
2-0: Fly out, F8 (Flyball, 8LS)
Batting: SHB Glyn Bolasky 0-0: Ball
1-0: Ball
2-0: Ball
3-0: Called Strike
3-1: Called Strike
3-2: SINGLE (Line Drive, 34D)
Batting: RHB Frank Grimes 0-0: Ball
1-0: Grounds into double play, 1-6-3 (Groundball, P)
Bottom of the 8th over - 0 runs, 1 hit, 0 errors, 0 left on base; Atlanta 2 - Las Vegas 4
TOP OF THE 9TH
Atlanta Smoke batting - Pitching for Las Vegas Flamingos : RHP Seishiro Sai
Batting: LHB Kade Eagleton 0-0: Called Strike
0-1: Ball
1-1: Ball
2-1: Ball
3-1: Base on Balls
Batting: RHB Bruce Ingilby 0-0: Foul Ball, location: 2F
0-1: Ball
1-1: Ball
2-1: Called Strike
2-2: DOUBLE (Flyball, 8LXD)
Kade Eagleton to third
Batting: RHB Silvio Bonauiti 0-0: Swinging Strike
0-1: Foul Ball, location: 2F
0-2: Ball
1-2: Ball
2-2: Ball
3-2: Fly out, F9 (Flyball, 9)
Pinch Hitting: LHB Lance Antle 0-0: Called Strike
0-1: Ball
1-1: Foul Ball, location: 2F
1-2: Foul Ball, location: 2F
1-2: SINGLE (Line Drive, 3D)
Kade Eagleton scores
Bruce Ingilby to third
Runner from 3rd tries for Home, SAFE, no throw
Pitching: LHP Luis Torres
Batting: LHB Albert Morán 0-0: Called Strike
0-1: Ball
1-1: Foul Ball, location: 2F
1-2: Ground out 3-1 (Groundball, 34S)
Lance Antle to second
Batting: SHB Valentín Guzmán 0-0: Called Strike
0-1: Ground out 5-3 (Groundball, 56)
Top of the 9th over - 2 runs, 2 hits, 0 errors, 1 left on base; Atlanta 4 - Las Vegas 4
BOTTOM OF THE 9TH
Las Vegas Flamingos batting - Pitching for Atlanta Smoke : RHP Francisco García
Now at 3B: Carl Herbert
Batting: RHB Christian Turner 0-0: Ball
1-0: Ball
2-0: Ball
3-0: Called Strike
3-1: Called Strike
3-2: Ground out 3-1 (Groundball, 34S)
Batting: RHB Jeff Young 0-0: SINGLE (Line Drive, 4D)
Pinch Runner at 1st Daniel Maldonado:
Batting: RHB Shihei Kichikawa 0-0: Ball
1-0: Foul Ball, location: 2F
1-1: Ball
Daniel Maldonado is caught stealing 2nd base
2-1: Ball
3-1: Base on Balls
Batting: LHB Ruud van Ineveld 0-0: Ball
Shihei Kichikawa steals 2nd base
1-0: Foul Ball, location: 2F
1-1: Ball
2-1: Called Strike
2-2: SINGLE (Flyball, 8RS)
Shihei Kichikawa to third
Runner from 3rd tries for Home, SAFE, no throw
Saturday, December 22nd, 2018 - OOTP Baseball 18.8 Build 76